 Dungeon Crawl Stone Soup version 0.30-a0-760-g5a9884bb7c (webtiles) character file.

Game seed: 14136410931138519363

119932 Leeroy the Fencer (level 16, -1/85 HPs)
             Began as a Vine Stalker Warper on Feb 10, 2023.
             Was the Champion of Wu Jian.
             Slain by a ghost moth (6 damage)
             ... on level 4 of the Spider Nest.
             The game lasted 00:59:55 (23355 turns).

Leeroy the Fencer (Vine Stalker Warper)            Turns: 23355, Time: 00:59:55

Health: -1/85      AC: 16    Str: 15 (16) XL:     16   Next: 80%
Magic:  0/35       EV: 24    Int: 13      God:    Wu Jian [******]
Gold:   695        SH:  5    Dex: 20      Spells: 11/43 levels left

rFire   . . .      SeeInvis .    m - +7 Throatcutter {drain, coup de grace}
rCold   x . .      Faith    .    (no shield)
rNeg    . . .      Spirit   +    b - +0 acid dragon scales
rPois   .          Reflect  +    j - +2 hat
rElec   .          Harm     .    X - +2 cloak
rCorr   +          Rampage  .    q - +0 pair of gloves
Will    ++...                    T - +1 pair of boots
Stlth   +                        R - amulet of reflection
HPRegen 1.14/turn                t - +4 ring of slaying
MPRegen 0.24/turn                p - +5 ring of evasion

@: exhausted, unable to read
A: fangs 3, regeneration 1, magic shield, antimagic bite, no potion heal 2, cold
vulnerability 1, inability to read after injury 1
a: Renounce Religion, Wall Jump, Serpent's Lash, Heavenly Storm


You were on level 4 of the Spider Nest.
You worshipped Wu Jian.
Wu Jian was exalted by your worship.
You visited 5 branches of the dungeon, and saw 25 of its levels.
You also visited: Volcano.

You collected 2891 gold pieces.
You spent 2196 gold pieces at shops.

Inventory:

Hand Weapons
 m - the +7 Throatcutter (weapon) {drain, coup de grace}
   (You bought it in a shop on level 9 of the Dungeon)
 F - a +1 vampiric scimitar
 W - the +3 rapier "Embalmer" {protect, Int-5 Dex+9}
   (You bought it in a shop on level 9 of the Dungeon)

   Int:       It affects your intelligence (-5).
   Dex:       It affects your dexterity (+9).
Missiles
 d - 7 boomerangs of dispersal
 N - 22 poisoned darts
 Z - 7 throwing nets
Armour
 b - +0 acid dragon scales (worn)
 j - a +2 hat (worn)
 q - a +0 pair of gloves (worn)
 T - a +1 pair of boots (worn)
 X - a +2 cloak (worn)
Jewellery
 o - a ring of wizardry
 p - a +5 ring of evasion (right hand)
 t - a +4 ring of slaying (left hand)
 v - a ring of poison resistance
 w - a ring of positive energy
 x - a ring of resist corrosion
 K - a ring of willpower
 R - an amulet of reflection (around neck)
 Y - a ring of protection from cold
Wands
 s - a wand of paralysis (5) (quivered)
 y - a wand of iceblast (3)
 A - a wand of flame (56)
 C - a wand of quicksilver (45)
 I - a wand of mindburst (6)
 P - a wand of digging (9)
 S - a wand of polymorph (10)
Scrolls
 c - 3 scrolls of silence
 f - 2 scrolls of fear
 g - 4 scrolls of enchant armour
 n - 4 scrolls of immolation
 B - 2 scrolls of magic mapping
 D - 8 scrolls of teleportation
 L - 8 scrolls of poison
 O - 2 scrolls of blinking
 Q - 2 scrolls of fog
 U - 3 scrolls of enchant weapon
 V - a scroll of butterflies
Potions
 a - 2 potions of berserk rage
 e - a potion of brilliance
 h - 3 potions of flight
 i - 7 potions of might
 k - 6 potions of curing
 l - 3 potions of mutation
 r - 2 potions of invisibility
 u - 4 potions of cancellation {unknown}
 z - a potion of lignification {unknown}
 E - 3 potions of magic {unknown}
 G - 3 potions of haste {unknown}
 H - 2 potions of heal wounds {unknown}
 M - 3 potions of attraction {unknown}
Miscellaneous
 J - a lightning rod (4/4)


   Skills:
 - Level 10.1 Fighting
 - Level 16.0 Long Blades
 - Level 0.8 Throwing
 - Level 5.4 Armour
 - Level 11.1 Dodging
 - Level 14.2 Spellcasting
 + Level 4.2 Hexes
 - Level 8.0 Translocations
 + Level 4.2 Transmutations


You had 11 spell levels left.
You knew the following spells:

 Your Spells              Type           Power      Damage    Failure   Level
a - Blink                 Tloc           60%        N/A       1%          2
b - Vhi's Electric Charg  Tloc/Air       38%        N/A       5%          3
c - Manifold Assault      Tloc           30%        N/A       3%          4
d - Swiftness             Air            9%         N/A       30%         3
e - Yara's Violent Unrav  Hex/Tmut       10%        3d6       43%         5
f - Teleport Other        Tloc           30%        N/A       1%          3
g - Tukima's Dance        Hex            20%        N/A       5%          3
h - Passage of Golubria   Tloc           30%        N/A       3%          4
i - Vampiric Draining     Necr           9%         2d6       30%         3
j - Ensorcelled Hibernat  Hex/Ice        28%        N/A       6%          2

Your spell library contained the following spells:

 Spells                   Type           Power      Damage    Failure   Level
 Lesser Beckoning         Tloc           60%        N/A       1%          2
 Sting                    Tmut/Pois      56%        1d5       4%          1
 Necrotise                Necr           36%        1d5       10%         1
 Shock                    Conj/Air       36%        1d5       10%         1
 Spider Form              Tmut/Pois      14%        N/A       12%         3
 Poisonous Vapours        Pois/Air       18%        N/A       14%         2
 Cigotuvi's Dreadful Rot  Necr/Pois/Air  18%        N/A       16%         2
 Stone Arrow              Conj/Erth      18%        3d8       28%         3
 Anguish                  Hex/Necr       7%         N/A       38%         4
 Animate Armour           Summ/Erth      18%        N/A       67%         4
 Olgreb's Toxic Radiance  Pois           9%         N/A       67%         4
 Airstrike                Air            4%         2d(1-17)  69%         4
 Dispel Undead            Necr           9%         3d8       69%         4
 Agony                    Necr           9%         N/A       95%         5
 Death Channel            Necr           4%         N/A       100%        6
 Enfeeble                 Hex            10%        N/A       100%        7
 Lehudib's Crystal Spear  Conj/Erth      4%         10d3      100%        8


Dungeon Overview and Level Annotations

Branches:
Dungeon (13/15)            Temple (1/1) D:6            Lair (5/5) D:10
  Swamp (0/4) Lair:2       Spider (4/4) Lair:3        Slime (0/5) Lair:5
    Orc (2/2) D:9             Elf (0/3) Orc:2       Volcano (visited)
 Vaults: D:13-14

Altars:
Ashenzari
Cheibriados
Dithmenos
Elyvilon
Fedhas
Gozag
Hepliaklqana
Kikubaaqudgha
Makhleb
Nemelex Xobeh
Okawaru
Qazlal
Ru
Sif Muna
Trog
Uskayaw
Vehumet
Wu Jian
Xom
Yredelemnul
Zin
The Shining One

Shops:
D:3 [   D:9 (:   D:10 :   Orc:1 (   Orc:2 =*(?

Portals:
Pandemonium: Orc:2

Annotations:
D:6 2 transporters
D:12 1 runed translucent door, Wyusituq's ghost, journeyman DsNe
Lair:3 2 transporters
Spider:1 Louise
Spider:3 Mara


Innate Abilities, Weirdness & Mutations

You have razor-sharp teeth.
Your natural rate of healing is unusually fast.
When hurt, damage is shared between your health and your magic reserves.
Your bite disrupts and absorbs the magic of your enemies.
Potions cannot restore your health.
You are vulnerable to cold. (rC-)
You occasionally lose the ability to read scrolls when taking damage.


Message History

You slash the culicivora!
The culicivora is heavily wounded.
You slice the culicivora!! You drain the culicivora.
You kill the culicivora!
The Council accepts your kill.
Your supernatural speed expires.
You cannot read scrolls in your current state!
Okay, then.
You spin and attack the pharaoh ant.
You slash the pharaoh ant! You bite the pharaoh ant! You drain its power.
You feel invigorated.
The pharaoh ant is almost destroyed.
The jumping spider leaps!
The pharaoh ant bites you but does no damage.
The jumping spider leaps!
You feel you are being watched by something.
You feel your power leaking away. The jumping spider misses you.
The jumping spider bites you but does no damage.
The pharaoh ant bites you but does no damage.
You spin and attack the pharaoh ant repeatedly.
You slash the pharaoh ant!
You destroy the pharaoh ant!
The Council accepts your kill.
The pharaoh ant binds the souls of nearby monsters.
You spin and attack the jumping spider.
You hit the jumping spider. You drain the jumping spider.
You bite the jumping spider. You drain its power.
You feel invigorated.
The jumping spider is moderately wounded.
The jumping spider misses you.
The jumping spider bites you but does no damage.
You feel you are being watched by something.
You feel your power leaking away.
The broodmother's many legs skitter.
The jumping spider leaps!
You feel you are being watched by something.
You feel your power leaking away. Something hits you.
* * * LOW HITPOINT WARNING * * *
Something hits you but does no damage. Something stings you.
You die...

#^.....#§s§§..
##.#...##☼§#††
#######...####.^ #^##
##†.#..#.^ ###.^#
#^...###. . #.†.###
##...^.##
.s.#####○s.#^#####....##
#.....s.{...#.#....###
#......@...........#
#...#...####..^.##### #
.. #.s.^ ##.#...) ^
#^/... ###...... {.
..###..# ####.#.. ...
.s. ## . #.^ #... ...
....


You could see a broodmother, a wolf spider (soul bound) and 2 jumping spiders.

Vanquished Creatures
  Arachne (Spider:3)
  Kirke (Lair:3)
  2 emperor scorpions
  A ghost moth (Spider:1)
  2 broodmothers
  A spark wasp (Spider:3)
  2 entropy weavers
  An ettin (Orc:2)
  Harold (Lair:1)
  2 hydras
  A jorogumo (Spider:2)
  4 catoblepae
  2 centaur warriors (D:13)
  A radroach (Spider:3)
  3 boulder beetles
  18 death yaks
  An anaconda (shapeshifter) (D:12)
  2 demonspawn
  Urug (Lair:1)
  6 orc high priests
  A hell hog (Volcano)
  Nergalle (Lair:3)
  A fire crab (Volcano)
  4 pharaoh ants
  8 orb spiders
  A sun moth (Spider:3)
  4 orc knights
  2 steelbarb worms (Spider:2)
  2 deep elf pyromancers
  9 orc sorcerers (Orc:2)
  2 cyclopes
  19 wolf spiders
  7 manticores
  2 moths of wrath (Spider:1)
  5 elephants (Lair:2)
  2 ugly things (D:12)
  2 rust devils
  2 torpor snails
  7 black mambas
  3 demonic crawlers
  A smoke demon (Orc:2)
  12 cane toads
  3 kobold demonologists
  A rime drake (Lair:2)
  10 komodo dragons
  7 trolls
  A red devil (D:11)
  A polar bear (Lair:5)
  3 meliai (Spider:4)
  2 hellwings
  2 hornets
  7 blink frogs
  12 tarantellas
  9 dream sheep
  Sigmund (D:4)
  19 jumping spiders
  10 slime creatures (D:12)
  23 culicivoras
  2 wraiths
  7 shadows
  66 yaks
  3 wyverns
  2 basilisks
  A hog (Lair:3)
  2 steam dragons
  28 redbacks
  2 chaos spawn
  3 vampire mosquitoes (D:13)
  3 swamp worms (Lair:2)
  Edmund (D:6)
  2 acid dragons (D:11)
  2 hell hounds (Volcano)
  15 water moccasins
  A swamp drake (D:9)
  30 orc warriors
  A sky beast (D:7)
  4 black bears
  3 ogres
  9 wolves
  6 centaurs
  A kobold brigand (D:5)
  Blork the orc (D:5)
  10 bullfrogs
  3 scorpions
  2 gnoll sergeants (D:8)
  2 necrophages
  12 wights
  10 killer bees
  4 vampire bats (Orc:2)
  2 howler monkeys
  3 electric eels
  2 quasits (D:11)
  3 jellies
  22 orc priests
  2 gnoll boudas
  Crazy Yiuf (D:7)
  3 hounds
  Ijyb (D:3)
  7 iguanas
  17 orc wizards
  10 hell rats (Lair:4)
  20 gnolls
  4 river rats (Lair:4)
  21 adders
  A white imp (D:6)
  An ufetubus (D:5)
  2 worms
  3 dart slugs
  87 orcs
  7 ball pythons
  10 bats
  8 endoplasms
  3 giant cockroaches
  14 goblins
  3 hobgoblins
  8 jackals (D:4)
  11 kobolds
  A quokka (D:3)
  7 frilled lizards
  12 rats
795 creatures vanquished.

Vanquished Creatures (others)
  A jumping spider (Spider:4)
  An orc (D:9)
  A butterfly (D:5)
  A demonic plant (D:11)
  10 fungi
  27 plants
41 creatures vanquished.

Grand Total: 836 creatures vanquished

Notes
Turn   | Place    | Note
-------+----------+-------------------------------------------
     0 | D:1      | Leeroy the Vine Stalker Warper began the quest for the Orb.
     0 | D:1      | Reached XP level 1. HP: 11/11 MP: 4/4
    76 | D:1      | Reached skill level 2 in Long Blades
   149 | D:1      | Reached XP level 2. HP: 14/15 MP: 6/6
   505 | D:1      | Reached skill level 3 in Long Blades
   725 | D:1      | Reached XP level 3. HP: 18/18 MP: 7/7
  1051 | D:2      | Reached skill level 1 in Armour
  1155 | D:2      | Learned a level 2 spell: Blink
  1159 | D:2      | Learned a level 3 spell: Vhi's Electric Charge
  1241 | D:2      | Gained mutation: Your natural rate of healing is unusually
                  | fast. [Vine Stalker growth]
  1241 | D:2      | Reached XP level 4. HP: 18/23 MP: 5/8
  1602 | D:3      | Reached XP level 5. HP: 28/28 MP: 9/9
  1765 | D:3      | Found Zaitoul's Armour Shop.
  1978 | D:3      | Noticed Ijyb
  1993 | D:3      | Killed Ijyb
  2118 | D:4      | You fall into a shaft and drop 3 floors!
  2204 | D:7      | Reached XP level 6. HP: 35/35 MP: 10/10
  2265 | D:7      | Reached skill level 5 in Fighting
  2272 | D:6      | Noticed a steam dragon
  2311 | D:7      | Noticed a black bear
  2314 | D:7      | Killed a black bear
  2315 | D:7      | Reached XP level 7. HP: 39/40 MP: 11/11
  2337 | D:7      | Found a basalt altar of Yredelemnul.
  2355 | D:7      | Reached skill level 4 in Long Blades
  2412 | D:7      | Found a snail-covered altar of Cheibriados.
  2496 | D:7      | Found a sacrificial altar of Ru.
  2543 | D:7      | Reached skill level 5 in Long Blades
  2548 | D:7      | Gained mutation: You have razor-sharp teeth. [Vine Stalker
                  | growth]
  2548 | D:7      | Reached XP level 8. HP: 40/44 MP: 9/12
  2939 | D:7      | Reached skill level 6 in Long Blades
  2956 | D:7      | Found a runed translucent door.
  2957 | D:7      | Noticed Crazy Yiuf
  3183 | D:6      | Found a transporter.
  3189 | D:6      | Found a transporter.
  3189 | D:6      | Noticed a troll
  3199 | D:6      | Found a radiant altar of Vehumet.
  3240 | D:6      | Reached skill level 7 in Long Blades
  3519 | D:6      | Found a staircase to the Ecumenical Temple.
  3525 | Temple   | Entered the Ecumenical Temple
  3672 | Temple   | Became a worshipper of the Wu Jian Council
  3719 | D:6      | Noticed Edmund
  3731 | D:6      | Killed Edmund
  3837 | D:5      | Entered Level 5 of the Dungeon
  3933 | D:5      | Reached skill level 8 in Long Blades
  4041 | D:5      | Learned a level 4 spell: Manifold Assault
  4084 | D:5      | Found a hide-covered altar of Uskayaw.
  4129 | D:5      | Noticed Blork the orc
  4140 | D:5      | Killed Blork the orc
  4141 | D:5      | Reached XP level 9. HP: 43/48 MP: 10/13
  4166 | D:5      | Found a white marble altar of Elyvilon.
  4184 | D:5      | Found a burning altar of Makhleb.
  4201 | D:5      | Reached skill level 9 in Long Blades
  4448 | D:5      | Found a shimmering altar of Xom.
  4795 | D:4      | Reached * piety under Wu Jian
  4835 | D:4      | Reached skill level 10 in Long Blades
  5205 | D:4      | Identified the +4 spear of Indignation {speed, rF- Int+5}
  5356 | D:4      | Noticed Sigmund
  5362 | D:4      | Killed Sigmund
  5736 | D:7      | Killed Crazy Yiuf
  6073 | D:8      | Reached skill level 5 in Spellcasting
  6095 | D:8      | Reached XP level 10. HP: 23/53 MP: 11/19
  6841 | D:9      | Reached ** piety under Wu Jian
  6912 | D:9      | Learned a level 3 spell: Swiftness
  7015 | D:9      | Noticed a rakshasa
  7015 | D:9      | Noticed a boulder beetle
  7043 | D:9      | Noticed a wizard
  7057 | D:9      | Noticed a centaur warrior
  7057 | D:9      | Noticed a centaur warrior
  7057 | D:9      | Noticed a centaur warrior
  7080 | D:9      | Noticed a kobold demonologist
  7081 | D:9      | Noticed a kobold demonologist
  7085 | D:9      | Noticed a smoke demon
  7091 | D:9      | Killed a kobold demonologist
  7096 | D:9      | Killed a kobold demonologist
  7154 | D:9      | Found Xekacat's Book Boutique.
  7197 | D:9      | Bought a book of Misfortune for 420 gold pieces
  7203 | D:9      | Learned a level 5 spell: Yara's Violent Unravelling
  7207 | D:9      | Learned a level 3 spell: Teleport Other
  7374 | D:9      | Found Vaipp's Antique Weapon Emporium.
  7508 | D:9      | Found a staircase to the Orcish Mines.
  7531 | D:9      | Reached *** piety under Wu Jian
  7534 | D:9      | Reached skill level 10 in Spellcasting
  7641 | D:9      | Identified the +4 war axe "Giantslayer" {distort, Int+5
                  | Dex+2}
  7794 | D:9      | Noticed a centaur warrior
  7803 | D:9      | Noticed a cyan ugly thing
  7803 | D:9      | Noticed a boulder beetle
  7830 | D:10     | Entered Level 10 of the Dungeon
  7986 | D:10     | Reached XP level 11. HP: 36/56 MP: 26/26
  8002 | D:10     | Reached skill level 11 in Long Blades
  8042 | D:10     | Found a staircase to the Lair.
  8341 | D:10     | Found Tituzeon's Book Shoppe.
  8883 | D:11     | Reached skill level 12 in Long Blades
  9090 | Orc:1    | Entered Level 1 of the Orcish Mines
  9099 | Orc:1    | Reached **** piety under Wu Jian
  9265 | Orc:1    | Noticed an orc high priest
  9266 | Orc:1    | Noticed a sixfirhy
  9266 | Orc:1    | Noticed a sixfirhy
  9287 | Orc:1    | Killed an orc high priest
  9288 | Orc:1    | Reached skill level 13 in Long Blades
  9450 | Orc:2    | Entered Level 2 of the Orcish Mines
  9456 | Orc:2    | Found a staircase to the Elven Halls.
  9706 | Orc:2    | Reached XP level 12. HP: 61/61 MP: 27/27
  9965 | Orc:1    | Found a bloodstained altar of Trog.
 10141 | Orc:2    | Found Essucong's General Store.
 10208 | Orc:2    | Found Loxo's Magic Scroll Emporium.
 10234 | Orc:2    | Reached ***** piety under Wu Jian
 10252 | Orc:2    | Reached skill level 14 in Long Blades
 10295 | Orc:2    | Noticed an ettin
 10314 | Orc:2    | Killed an ettin
 10602 | Orc:2    | Noticed an orc high priest
 10604 | Orc:2    | Noticed a soul eater
 10621 | Orc:2    | Killed an orc high priest
 10913 | Orc:2    | Noticed an orc high priest
 10914 | Orc:2    | Noticed a demonspawn
 11073 | Orc:2    | Killed an orc high priest
 11074 | Orc:2    | Reached skill level 5 in Armour
 11211 | Orc:2    | Noticed an orc high priest
 11221 | Orc:2    | Gained mutation: You occasionally lose the ability to read
                  | scrolls when taking damage. [a neqoxec]
 11225 | Orc:2    | Gained mutation: You are vulnerable to cold. (rC-) [a
                  | neqoxec]
 11226 | Orc:2    | Killed an orc high priest
 11234 | Orc:2    | Noticed an orc high priest
 11248 | Orc:2    | Killed an orc high priest
 11249 | Orc:2    | Reached skill level 5 in Dodging
 11249 | Orc:2    | Reached XP level 13. HP: 43/65 MP: 28/28
 11327 | Orc:2    | Found Xioson's Antique Weapon Boutique.
 11327 | Orc:2    | Found Waixek's Jewellery Shop.
 11328 | Orc:2    | Found a one-way gate leading to the halls of Pandemonium.
 11687 | Orc:1    | Found Unkinaq's Antique Weapon Boutique.
 12915 | D:12     | Found a runed translucent door.
 12915 | D:12     | Found a shimmering altar of Xom.
 12915 | D:12     | Noticed Wyusituq's ghost (journeyman DsNe)
 13724 | D:13     | Reached ****** piety under Wu Jian
 14103 | Lair:1   | Entered Level 1 of the Lair of Beasts
 14103 | Lair:1   | Noticed Harold
 14103 | Lair:1   | Found a blossoming altar of Fedhas.
 14111 | Lair:1   | Killed Harold
 14112 | Lair:1   | Reached skill level 10 in Fighting
 14260 | Lair:1   | Noticed Urug
 14276 | Lair:1   | Killed Urug
 14277 | Lair:1   | Reached XP level 14. HP: 35/77 MP: 22/29
 14721 | Lair:1   | Learned a level 3 spell: Tukima's Dance
 14726 | Lair:1   | Learned a level 4 spell: Passage of Golubria
 15324 | Lair:2   | Found a staircase to the Swamp.
 16287 | Lair:3   | Found a transporter.
 16430 | Lair:3   | Found a transporter.
 16487 | Lair:3   | Found a hole to the Spider Nest.
 16748 | Lair:3   | Noticed Kirke
 16750 | Lair:3   | Noticed Nergalle
 16761 | Lair:3   | Killed Kirke
 16774 | Lair:3   | Killed Nergalle
 17306 | Lair:4   | Found a dark tunnel.
 17503 | Lair:4   | Reached XP level 15. HP: 35/80 MP: 21/34
 17696 | Volcano  | Entered a volcano
 18669 | D:9      | Bought the +7 Throatcutter {drain, coup de grace} for 1497
                  | gold pieces
 18669 | D:9      | Found the +7 Throatcutter {drain, coup de grace}
 18672 | D:9      | Bought a jewelled rapier for 279 gold pieces
 18672 | D:9      | Identified the +3 rapier "Embalmer" {protect, Int-5 Dex+9}
                  | (You bought it in a shop on level 9 of the Dungeon)
 18952 | Lair:5   | Entered Level 5 of the Lair of Beasts
 19012 | Lair:5   | Found a staircase to the Slime Pits.
 19030 | Lair:5   | Reached skill level 10 in Dodging
 19725 | Spider:1 | Entered Level 1 of the Spider Nest
 19799 | Spider:1 | Noticed an emperor scorpion
 19908 | Spider:1 | Reached skill level 15 in Long Blades
 20063 | Spider:1 | Killed an emperor scorpion
 20169 | Spider:1 | Killed a ghost moth
 20197 | Spider:1 | Noticed Louise
 20609 | Spider:2 | Reached XP level 16. HP: 85/85 MP: 33/35
 20799 | Spider:2 | Reached skill level 16 in Long Blades
 20937 | Spider:2 | Learned a level 3 spell: Vampiric Draining
 20940 | Spider:2 | Learned a level 2 spell: Ensorcelled Hibernation
 21250 | Spider:2 | Reached skill level 5 in Translocations
 21418 | Spider:3 | Noticed Arachne
 21460 | Spider:3 | Killed Arachne
 22344 | Spider:3 | Noticed Mara
 22470 | Spider:4 | Entered Level 4 of the Spider Nest
 22483 | Spider:3 | Reached skill level 1 in Hexes
 22483 | Spider:3 | Reached skill level 1 in Transmutations
 23352 | Spider:4 | HP: 3/85 [pharaoh ant (30)]
 23355 | Spider:4 | Slain by a ghost moth

Illustrated notes

Levels and vault maps discovered:
D:1:      amcnicky_arrival_double_pillar, layout_loops_cross, hex_tiny,
          roderic_lattice_a
D:2:      layout_rooms, serial_park_tiny_2, amethyst_killhole,
          minmay_pentomino_pile
D:3:      kennysheep_the_goblin_king, layout_rooms, serial_shops,
          nicolae_shop_waterfront, minmay_splitting_lines
D:4:      minmay_general_purpose_star, layout_basic, uniq_sigmund
D:5:      layout_cave_pods, nicolae_elyvilon_peaceful_grove,
          mainiacjoe_overflow_surrounded_room, brannock_xom_greatest_gift,
          overflow_temple_1_default, uniq_blork_the_orc
D:6:      layout_gridville, gammafunk_temple_overflow_arena,
          minmay_temple_entry_sparse_star, chequers_serial_rivers_micro_e,
          kennysheep_donut, uniq_edmund
D:7:      layout_loops_ring, kennysheep_little_box,
          nicolae_overflow_crystal_walls, slow_altar_1, uniq_crazy_yiuf_cottage
D:8:      layout_loops_corners
D:9:      layout_basic, erik_orc_1, serial_shops, nicolae_shop_waterfront,
          nicolae_diamond_shop, hangedman_abyss_or_decor_stagger,
          minmay_door_square, minivault_12
D:10:     layout_irregular_city, dpeg_oklobed_lair, serial_shops, shop,
          corexii_checkpoint_a
D:11:     layout_irregular_city, serial_demonic, serial_demonic_g,
          serial_demonic_a, serial_demonic_f, serial_demonic_c,
          serial_demonic_c, serial_demonic_e, minmay_misc_feat_columns
D:12:     minmay_goldmine, layout_basic, ebering_ghost_xom
D:13:     layout_cave_pools
Temple:   nicolae_temple_two_arcs
Lair:1:   minmay_lair_venomous_thicket, layout_regular_city, basic_altar,
          guppyfry_lair_drakes, serial_bayou_shore_b, lemuel_fruit_fields,
          uniq_urug, uniq_harold
Lair:2:   layout_gridlike, minmay_swamp_entry_worms, nicolae_lair_lil_pond
Lair:3:   gammafunk_cloud_chamber, layout_cave_pods,
          nicolae_spider_entry_lesser_pyramids, nicolae_quartered_pool_medium,
          uniq_nergalle, uniq_kirke
Lair:4:   layout_roguey, nicolae_volcano_entry_hallway,
          kennysheep_abandoned_house
Lair:5:   evilmike_catoblepas_cave, layout_cave_shapes, slime_entry_1,
          chequers_serial_rivers_micro_c
Spider:1: spiders_nest_a, nicolae_spider_eight_legs, uniq_louise, uniq_asterion
Spider:2: layout_cave_pods
Spider:3: layout_spider_delve, hangedman_spider_tarantella_strand, uniq_arachne,
          uniq_mara
Spider:4: spider_rune_water, nicolae_spider_shape
Orc:1:    layout_diamond_mine, basic_altar, serial_shops, shop
Orc:2:    pf_orc_diabolical, layout_caves, roderic_batcave, mines2_david

Skill      XL: |  1  2  3  4  5  6  7  8  9 10 11 12 13 14 15 16 |
---------------+-------------------------------------------------+-----
Long Blades    | 2 3 5 8 10 13 14 15 16 | 16.0
Dodging        | 2 5 7 8 11 | 11.1
Armour         | 1 5 |  5.4
Fighting       | 2 3 4 6 10 | 10.1
Spellcasting   | 5 10 14 | 14.2
Translocations | 8 |  8.0
Hexes          | 4 |  4.2
Transmutations | 4 |  4.2
Throwing       | |  0.8

Action                     |  1- 3 |  4- 6 |  7- 9 | 10-12 | 13-15 | 16-18 || total
---------------------------+-------+-------+-------+-------+-------+-------++-------
  Melee: Falchion          |   113 |   110 |       |       |       |       ||   223
         Bite              |    26 |    32 |    60 |   263 |   575 |   157 ||  1113
         Punch             |     1 |       |     7 |    13 |    28 |     3 ||    52
         Scimitar          |       |     5 |   238 |   709 |   976 |       ||  1928
         Short sword       |       |       |       |       |    12 |       ||    12
         Long sword        |       |       |       |       |   323 |   364 ||   687
         Rapier            |       |       |       |       |    14 |       ||    14
   Cast: Blink             |       |       |     1 |     5 |     4 |     2 ||    12
         Vhi's Electric Ch |       |       |       |     8 |    29 |    21 ||    58
         Teleport Other    |       |       |       |       |     1 |       ||     1
         Manifold Assault  |       |       |       |       |     1 |     4 ||     5
 Invoke: Serpent's Lash    |       |       |       |     3 |     1 |     6 ||    10
         Heavenly Storm    |       |       |       |       |       |     1 ||     1
Ability: Lunge             |       |       |    13 |    30 |    53 |     9 ||   105
         Whirlwind         |       |       |     4 |    45 |   100 |    41 ||   190
         Wall Jump         |       |       |       |     4 |    10 |    12 ||    26
  Evoke: Wand              |       |       |       |     1 |     2 |       ||     3
    Use: Scroll            |       |       |       |    19 |     8 |     4 ||    31
         Potion            |       |       |       |       |     1 |     3 ||     4
   Stab: Sleeping          |     1 |     2 |     2 |     1 |     1 |       ||     7
 Armour: Leather armour    |    30 |    38 |     9 |       |       |       ||    77
         Steam dragon scal |       |       |    41 |    82 |       |       ||   123
         Acid dragon scale |       |       |       |    77 |   330 |    78 ||   485
  Dodge: Dodged            |    76 |   129 |   211 |   452 |  1113 |   353 ||  2334
  Block: Other             |       |       |       |       |       |    52 ||    52

Table legend: (Time is in decaauts)
 A = Elapsed time spent in this place.
 B = Non-inter-level travel time spent in this place.
 C = Inter-level travel time spent in this place.
 D = Time resting spent in this place.
 E = Time spent auto-exploring this place.
 F = Levels seen in this place.
 G = Mean time per level.
                   A        B        C        D        E       F      G
               +--------+--------+--------+--------+--------+-----+--------+
         Total |  22960 |  20939 |   2021 |   2264 |  13546 |  26 |  883.1 |
       Dungeon |  11224 |  10123 |   1101 |    268 |   7647 |  13 |  863.4 |
        Temple |    151 |    135 |     16 |      0 |    109 |   1 |  151.0 |
          Lair |   4739 |   4281 |    458 |     19 |   3120 |   5 |  947.8 |
   Spider Nest |   3571 |   3486 |     85 |   1158 |   1497 |   4 |  892.8 |
  Orcish Mines |   2949 |   2589 |    360 |    696 |   1061 |   2 | 1474.5 |
       Volcano |    324 |    324 |      0 |    123 |    111 |   1 |  324.0 |
               +--------+--------+--------+--------+--------+-----+--------+

Top non-repeatable levels by time:
   Orc:2: 1966 daAuts
Spider:3: 1317 daAuts
     D:9: 1286 daAuts
    D:12: 1136 daAuts
    D:10: 1116 daAuts
     D:7: 1110 daAuts
  Lair:2: 1083 daAuts
  Lair:3: 1073 daAuts
Spider:2: 1070 daAuts
  Lair:1: 1004 daAuts
   Orc:1: 982 daAuts
     D:5: 970 daAuts
  Lair:4: 957 daAuts
     D:8: 954 daAuts
     D:1: 903 daAuts
